 Dungeon Crawl Stone Soup version 0.30-b1-2-g02819fbbbe (webtiles) character file.

Game seed: 16661579691698668085

113 guilain the Shield-Bearer (level 4, 0/41 HPs)
             Began as a Minotaur Fighter on Dec 4, 2023.
             Was an Initiate of Trog.
             Slain by an ogre
             ... wielding a +0 giant club
              (29 damage)
             ... on level 4 of the Dungeon.
             The game lasted 00:10:06 (2057 turns).

guilain the Shield-Bearer (Minotaur Fighter)        Turns: 2057, Time: 00:10:07

Health: 0/41       AC: 10    Str: 20    XL:     4   Next: 65%
Magic:  3/3        EV:  9    Int:  5    God:    Trog [......]
Gold:   105        SH:  5    Dex: 12    Spells: 3/3 levels left

rFire   x . .        a - +0 war axe
rCold   + . .        c - +0 buckler
rNeg    . . .        b - +0 scale mail
rPois   .            (helmet restricted)
rElec   .            f - +0 cloak
rCorr   .            n - +0 pair of gloves
SInv    .            h - +0 pair of boots
Will    .....        (no amulet) Stlth
                     i - ring of ice
HPRegen 0.26/turn    (no ring)
MPRegen 0.08/turn

%: no passive effects
@: no status effects
A: horns 2, retaliatory headbutt
a: Renounce Religion


You were on level 4 of the Dungeon.
You worshipped Trog.
Trog was noncommittal.
You visited 1 branch of the dungeon, and saw 4 of its levels.

You collected 105 gold pieces.

Inventory:

Hand Weapons
 a - a +0 war axe (weapon)
Armour
 b - a +0 scale mail (worn)
 c - a +0 buckler (worn)
 e - a +0 helmet
 f - a +0 cloak (worn)
 h - a +0 pair of boots (worn)
 j - a scarf of invisibility
 n - a +0 pair of gloves (worn)
Jewellery
 i - a ring of ice (left hand)
Scrolls
 k - 2 scrolls of identify {unknown}
 m - a scroll of magic mapping {unknown}
 p - 2 scrolls of fear {unknown}
 q - a scroll of noise {unknown}
 r - a scroll of enchant armour {unknown}
Potions
 d - a potion of might
 g - a potion of brilliance {unknown}
 l - a potion of haste {unknown}
 o - a potion of heal wounds {unknown}


   Skills:
 + Level 4.5 Fighting
 + Level 3.5 Axes
 + Level 4.5 Armour
 + Level 4.5 Shields


You had 3 spell levels left.
You didn't know any spells.
Your spell library was empty.

Dungeon Overview and Level Annotations

Branches:
Dungeon (4/15)
 Temple: D:4-7

Altars:
Cheibriados
Dithmenos
Fedhas
Qazlal
Sif Muna
Trog

Shops:
D:3 (


Innate Abilities, Weirdness & Mutations

You have a pair of horns on your head.
You reflexively headbutt those who attack you in melee.


Message History

You open the door.
Found a scroll labelled PUINLOZUAL and a scroll labelled JATICYXAIRR.
Found 13 gold pieces.
There is an open door here.
An ogre comes into view. It is wielding a +0 giant club.
The ogre shouts!
A quokka comes into view.
A quokka comes into view.
A kobold comes into view. It is wielding a +0 short sword.
The kobold shouts!
There is an open door here.
The quokka closely misses you.
There is an open door here.
You closely miss the quokka. The quokka closely misses you.
You slash the quokka!
You kill the quokka!
Trog accepts your kill.
You barely miss the kobold. The kobold closely misses you.
You block the kobold's attack.
You hit the kobold.
You kill the kobold!
Trog accepts your kill. You block the quokka's attack.
You miss the quokka. You headbutt the quokka.
You kill the quokka!
Trog accepts your kill.
You hit the ogre. You headbutt the ogre.
The ogre is moderately wounded.
The ogre hits you with a +0 giant club!
You hit the ogre.
The ogre is moderately wounded.
You block the ogre's attack.
You hit the ogre.
The ogre is heavily wounded.
You block the ogre's attack.
You hit the ogre but do no damage.
The ogre is heavily wounded.
The ogre hits you with a +0 giant club!!
Ouch! That really hurt!
You die...

........###
.........$#
.........?# ..........
......?###.#
#.....r..# ... #.# #.#
#O# # #.# ##@##
.##.### ##...## .....
##.....## ##.##
##.......##
#####...####.........#
...........'.........+
###.#...#.##.........#
#<##.##.###.......##
#....##.# ##.....##


You could see an ogre.

Vanquished Creatures
  A hound (D:3)
  An adder (D:3)
  An ufetubus (D:3)
  A dart slug (D:2)
  An orc (D:2)
  6 endoplasms
  A giant cockroach (D:1)
  9 goblins
  5 hobgoblins
  2 jackals (D:3)
  8 kobolds
  3 quokkas
  8 ball pythons
  6 bats
  4 frilled lizards
  5 rats
62 creatures vanquished.

Notes
Turn   | Place    | Note
-------+----------+-------------------------------------------
     0 | D:1      | guilain the Minotaur Fighter began the quest for the Orb.
     0 | D:1      | Reached XP level 1. HP: 19/19 MP: 0/0
   211 | D:1      | Reached XP level 2. HP: 27/27 MP: 1/1
   821 | D:2      | Reached XP level 3. HP: 33/33 MP: 2/2
  1618 | D:3      | Found a shadowy altar of Dithmenos.
  1619 | D:3      | Found a blossoming altar of Fedhas.
  1619 | D:3      | Found a snail-covered altar of Cheibriados.
  1619 | D:3      | Found a bloodstained altar of Trog.
  1648 | D:3      | Found a shimmering blue altar of Sif Muna.
  1649 | D:3      | Became a worshipper of Trog the Wrathful
  1685 | D:3      | Found a stormy altar of Qazlal.
  1761 | D:3      | Reached XP level 4. HP: 40/41 MP: 3/3
  1820 | D:3      | Found Ucykilin's Antique Weapon Emporium.
  2043 | D:4      | Noticed an ogre
  2057 | D:4      | Slain by an ogre

Illustrated notes

Levels and vault maps discovered:
D:1:      amcnicky_arrival_choice, layout_basic
D:2:      minmay_angry_zag, layout_basic, glass_columns_a
D:3:      layout_rooms, nicolae_sif_muna_condensation,
          chequers_temple_overflow_statue_of_worship, old_standard_altar,
          serial_shops, nicolae_shop_hallway_plus
D:4:      layout_loops_corners

Skill      XL: |  1  2  3 |
---------------+----------+-----
Shields        | 4 |  4.5
Armour         | 4 |  4.5
Fighting       | 4 |  4.5
Axes           | 3 |  3.5

Action                     |  1- 3 |  4- 6 || total
---------------------------+-------+-------++-------
  Melee: War axe           |   108 |    29 ||   137
         Headbutt          |    10 |     4 ||    14
 Armour: Scale mail        |    50 |    23 ||    73
  Dodge: Dodged            |    53 |    29 ||    82
  Block: Buckler           |    42 |    12 ||    54
